AoeStats
← A Bá

Oasis

509881873Analyzed
4v4 RM · 5d ago on Sep 28, 2026· 28m 38s· 8 players
Game mode
Random Map
Map size
Large (8 player)
Population
200
Speed
Normal
Resources
Standard
Victory
Conquest
Starting age
Dark Age
Ending age
Imperial Age
RankedLock teamsTeams togetherTeam positionsShared explorationLock speedFull tech treeHidden civsTurbo modeCheats
Victory
Defeat
🇭🇰 Wei · Hong Kong SAR China
1313
+17
1303
+17
🇦🇺 Vikings · Australia
1273
+18
🇻🇳 Cumans · Vietnam
1259
+18
🇨🇳 Ethiopians · China
1339
-18
🇨🇳 Saracens · China
1333
-18
🇨🇳 Franks · China
1315
-17
🇨🇳 Poles · China
1305
-17
迪恩-伊薩卡-凡爾賽提斯
6:30 Loom
9:04 Feudal Age
10:26 Double-Bit Axe
15:11 Fletching
16:50 Horse Collar
24:11 Castle Age
22:56 Padded Archer Armor
22:47 Gold Mining
24:15 Crossbowman
24:53 Bodkin Arrow
25:14 Leather Archer Armor
25:10 Bow Saw
27:47 Ballistics
29:12 Wheelbarrow
Súc Vật Du Phong
1:27 Loom
10:10 Feudal Age
11:59 Double-Bit Axe
21:23 Castle Age
21:45 Scale Barding Armor
21:50 Forging
29:13 Wheelbarrow
+Matt.Chak
10:52 Feudal Age
15:14 Castle Age
13:08 Double-Bit Axe
13:39 Horse Collar
13:51 Gold Mining
16:07 Scale Barding Armor
16:16 Bow Saw
17:13 Bow Saw
19:38 Bloodlines
21:44 Chain Barding Armor
21:45 Heavy Plow
22:29 Gold Shaft Mining
22:25 Forging
22:42 Husbandry
22:43 Loom
23:33 Stone Mining
25:01 Wheelbarrow
27:00 Iron Casting
27:17 Hand Cart
26:52 Town Watch
A Bá
3:13 Loom
11:43 Feudal Age
12:24 Double-Bit Axe
14:24 Gold Mining
17:21 Fletching
22:25 Castle Age
22:14 Padded Archer Armor
22:44 Crossbowman
24:13 Bodkin Arrow
25:46 Leather Archer Armor
27:28 Horse Collar
809591945
10:40 Feudal Age
12:02 Loom
15:39 Castle Age
16:01 Town Watch
16:04 Double-Bit Axe
19:37 Horse Collar
20:54 Scale Barding Armor
22:30 Bloodlines
25:46 Chain Barding Armor
26:10 Forging
26:26 Heavy Plow
28:49 Iron Casting
沉着 冷静
7:03 Loom
11:02 Feudal Age
15:00 Castle Age
13:35 Double-Bit Axe
14:55 Padded Archer Armor
15:30 Fletching
16:28 Leather Archer Armor
一条固执的鱼
6:33 Loom
10:29 Feudal Age
11:58 Double-Bit Axe
13:38 Fletching
17:24 Padded Archer Armor
小帮手绝活哥
1:57 Loom
12:52 Feudal Age
14:47 Double-Bit Axe
18:30 Scale Barding Armor
18:36 Forging
21:29 Castle Age
20:07 Wheelbarrow
19:47 Gold Mining
23:09 Husbandry
25:25 Chain Barding Armor
27:44 Gold Shaft Mining
28:54 Iron Casting
Connection lost

Rejoining the realm…

Still unreachable

The connection could not be restored.

Session expired

The server has moved on; the page needs a fresh start.